Selects Australian Defense Battlegroup
Selects Australian Light Infantry Section
Construct Section Command Post
Selects Australian Light Infantry Section
Australian Light Infantry Section
Construct Platoon Command Post
Selects 2-pounder Anti-tank Gun Team
Construct Platoon Command Post
Selects CMP 15cwt Supply Run
Selects Reinforced Resource Caches
Unlock M3 Stuart Light Tanks
Construct Company Command Post